 Dungeon Crawl Stone Soup version 0.29.1-4-g47bece8355 (webtiles) character file.

Game seed: 9684531104044013428

124 cheesebisquit the Trooper (level 4, 0/61 HPs)
             Began as a Minotaur Berserker on Dec 11, 2022.
             Was a Believer of Trog.
             Slain by Natasha (2 damage)
             ... on level 2 of the Dungeon.
             The game lasted 00:05:27 (1595 turns).

cheesebisquit the Trooper (Minotaur Berserker)      Turns: 1595, Time: 00:05:28

Health: 0/61       AC:  7    Str: 24    XL:     4   Next: 81%
Magic:  3/3        EV: 11    Int:  4    God:    Trog [**....]
Gold:   75         SH:  0    Dex:  9    Spells: 3/3 levels left

rFire   . . .      SeeInvis .   a - +0 hand axe
rCold   . . .      Faith    .   (no shield)
rNeg    . . .      Spirit   .   c - +0 ring mail
rPois   .          Reflect  .   (helmet restricted)
rElec   .          Harm     .   (no cloak)
rCorr   .          Rampage  .   d - +0 pair of gloves
Will    .....                   (no boots)
Stlth   ..........              (no amulet)
HPRegen 0.20/turn               (no ring)
MPRegen 0.08/turn               (no ring)

@: berserking, slowed
A: horns 2, retaliatory headbutt
a: Renounce Religion, Berserk, Trog's Hand


You were on level 2 of the Dungeon.
You worshipped Trog.
Trog was pleased with you.
You visited 1 branch of the dungeon, and saw 2 of its levels.

You collected 75 gold pieces.

Inventory:

Hand Weapons
 a - a +0 hand axe (weapon)
Missiles
 m - 5 poisoned darts (quivered)
Armour
 b - a +0 animal skin
 c - a +0 ring mail (worn)
 d - a +0 pair of gloves (worn)
Scrolls
 h - a scroll of identify {unknown}
 k - 2 scrolls of immolation {unknown}
 n - a scroll of poison {unknown}
 p - 3 scrolls of enchant armour {unknown}
Potions
 e - 2 potions of heal wounds {unknown}
 f - 2 potions of cancellation {unknown}
 g - a potion of berserk rage {unknown}
 i - a potion of haste {unknown}
 j - a potion of attraction {unknown}
 l - 3 potions of curing {unknown}
 o - a potion of mutation {unknown}


   Skills:
 + Level 4.6 Fighting
 + Level 4.5 Axes
 + Level 3.7 Armour
 + Level 3.3 Dodging


You had 3 spell levels left.
You didn't know any spells.
Your spell library was empty.

Dungeon Overview and Level Annotations

Branches:
Dungeon (2/15)

Altars:

Shops:
D:1 (

Annotations:
D:2 Natasha


Innate Abilities, Weirdness & Mutations

You have a pair of horns on your head.
You reflexively headbutt those who attack you in melee.


Message History

You kill the kobold!
Trog accepts your kill.
You barely miss the kobold.
The kobold hits you with a +0 short sword.
You barely miss the kobold. Your headbutt misses the kobold.
The kobold misses you.
You closely miss the kobold. You headbutt the kobold.
You kill the kobold!
Trog accepts your kill.
Natasha, Servant of Life and Death comes into view.
She is carrying a wand of quicksilver (5).
Natasha hisses angrily.
Natasha zaps a wand.
The bolt of dispelling energy hits you!
Items here: ! )) ?.
Natasha claws you!
A red film seems to cover your vision as you go berserk!
You feel yourself moving faster!
You feel mighty!
Natasha zaps a wand.
The bolt of dispelling energy misses you.
You closely miss Natasha.
Natasha zaps a wand.
The bolt of dispelling energy hits you.
* * * LOW HITPOINT WARNING * * *
You slash Natasha!
Natasha is almost dead.
Natasha barely misses you.
You closely miss Natasha.
Natasha is almost dead.
Natasha zaps a wand.
The bolt of dispelling energy hits you!
* * * LOW HITPOINT WARNING * * *
You closely miss Natasha. Your headbutt misses Natasha.
Natasha is almost dead.
You barely miss Natasha. Your headbutt misses Natasha.
Natasha is almost dead.
Natasha stares at you and mumbles some strange words.
You feel yourself slow down.
You barely miss Natasha.
Natasha is almost dead.
Natasha closely misses you.
You closely miss Natasha.
Natasha is almost dead.
Natasha claws you.
You die...

####...#.........
.........
.......#.............#
.........
.†...(.#####.........# .
.......
.......#...#.........#..
.......
.......#...#............
.^.....
...........#............
.......
...........#............
......
.................h......
#... .............)..@#
........................
.....############.......
............ .......
............ .......
...#........ ...####
...#........ ...#
...#........ ...#
...#........


You could see Natasha.

Vanquished Creatures
  Natasha (twice) (D:2)
  3 adders (D:2)
  3 dart slugs
  7 ball pythons
  2 endoplasms (D:1)
  3 giant cockroaches
  4 goblins
  2 hobgoblins
  4 kobolds (D:2)
  2 quokkas
  4 bats
  3 frilled lizards
  4 rats
43 creatures vanquished.

Notes
Turn   | Place    | Note
-------+----------+-------------------------------------------
     0 | D:1      | cheesebisquit the Minotaur Berserker began the quest for
                  | the Orb.
     0 | D:1      | Reached XP level 1. HP: 19/19 MP: 0/0
   158 | D:1      | Reached XP level 2. HP: 27/27 MP: 1/1
   176 | D:1      | Found a faded altar of an unknown god.
   687 | D:1      | Found Naceamec's Weapon Emporium.
   783 | D:1      | Reached XP level 3. HP: 33/33 MP: 2/2
  1218 | D:2      | Noticed Natasha
  1233 | D:2      | Killed Natasha
  1234 | D:2      | Reached XP level 4. HP: 7/41 MP: 3/3
  1512 | D:2      | Reached ** piety under Trog
  1529 | D:2      | Noticed Natasha
  1537 | D:2      | Killed Natasha
  1583 | D:2      | Noticed Natasha
  1591 | D:2      | HP: 1/61 [Natasha/bolt of dispelling energy (16)]
  1595 | D:2      | Slain by Natasha

Illustrated notes

Levels and vault maps discovered:
D:1:      minmay_arrival_radiant_lines, layout_loops_cross, serial_shops, shop,
          dreamdust_ecumenical_altar_grove
D:2:      layout_basic, hangedman_glass_teeth, uniq_natasha

Skill      XL: |  1  2  3 |
---------------+----------+-----
Fighting       | 4 |  4.6
Axes           | 4 |  4.5
Armour         | 3 |  3.7
Dodging        | 3 |  3.3

Action                   |  1- 3 |  4- 6 || total
-------------------------+-------+-------++-------
Melee: Hand axe          |    74 |    28 ||   102
       Headbutt          |     8 |     1 ||     9
Invok: Berserk           |     1 |     2 ||     3
Armor: Ring mail         |    38 |     9 ||    47
Dodge: Dodged            |    43 |    16 ||    59
